Map: Void Thrashing

Players

raincamp

  • Race: Terran Terran
  • Spawn Location: 9:00

raincamp

  • Race: Terran Terran
  • Spawn Location: 6:00

VOD

Have the link to the VOD?

Description

Time

  • Played on: Jan. 26, 2018, 11:47 a.m.
  • Length: 13:20
Show
View Real Time Build Order
Export as new Build Order

raincamp Terran 

Build Orders:  

Get SALT Encoding   

  11  1:20  Supply Depot  
  11  1:38  Supply Depot  
Show
View Real Time Build Order
Export as new Build Order

raincamp Terran 

Build Orders:  

Get SALT Encoding   

  12  0:03  SCV  
  13  0:20  SCV  
  14  0:36  Refinery  
  14  0:37  SCV  
  15  0:44  Refinery  
  15  0:53  SCV  
  16  1:10  SCV  
  17  1:27  SCV  
  18  1:48  Command Center  
  18  1:51  SCV  
  19  2:08  Barracks  
  19  2:10  SCV  
  20  2:27  SCV  
  21  2:44  SCV  
  22  3:16  Elite Marine  
  26  3:24  SCV  
  27  3:35  SCV  
  28  3:42  Factory  
  28  3:45  SCV  
  29  3:54  Engineering Bay  
  29  3:58  SCV  
  30  4:00  Barracks Tech Lab  
  30  4:03  SCV  
  31  4:16  Refinery  
  31  4:21  Refinery  
  31  4:44  SCV  
  32  4:58  Starport  
  32  5:01  SCV  
  32  5:03  Ghost Visor  
  32  5:05  Super Stimpack  
  32  5:08  Terran Infantry Weapons Level 1  
  33  5:13  SCV  
  34  5:29  SCV  
  35  5:30  SCV  
  36  5:46  SCV  
  36  5:47  SCV  
  36  5:48  Caduceus Reactor  
  38  5:50  Laser Targeting System  
  38  6:03  SCV  
  38  6:04  SCV  
  40  6:11  Hellbat Rangers  
  44  6:20  SCV  
  45  6:38  EMP Round  
  45  6:51  Defensive Drone  
  45  6:55  Raid Liberator  
  51  7:08  Triple Tap  
  51  7:54  Tactical Airlift  
  51  8:36  Spec Ops Ghost  
  51  8:37  Elite Marine  
  58  9:01  Griffin Airstrike  
  58  10:00  Hellbat Rangers  
  58  10:01  Strike Goliath  
  68  10:14  Tactical Airlift  
  68  10:52  Defensive Drone  
  68  10:57  Griffin Airstrike  
  64  11:33  Raid Liberator  
  70  11:49  Instant Regeneration  
  68  11:57  Defensive Drone  
  63  12:12  Defensive Drone  
Tags
 
Commander
NovaRaynor
Matchup
Co-op
Replay Pack
Co-op Speedrun
Add a new tag
Caveats
  • Supply blocks, unpowered buildings, or Contaminate may cause inaccurate times.
  • Supply counts are checked every 10 seconds.